 Dungeon Crawl Stone Soup version 0.21-a0-258-g4c0eb85 (console) character file.

34805 Mandevil the Spear-Bearer (level 14, -1/103 HPs)
             Began as a Human Hunter on Sept 6, 2017.
             Was the Champion of Okawaru.
             Slain by a meliai
             ... wielding a +0 war axe
              (10 damage)
             ... on level 4 of the Lair of Beasts.
             The game lasted 01:30:55 (24517 turns).

Mandevil the Spear-Bearer (Human Hunter)           Turns: 24517, Time: 01:30:56

Health: -1/103     AC: 12    Str: 16    XL:     14   Next: 15%
Magic:  21/21      EV: 13    Int: 13    God:    Okawaru [******]
Gold:   742        SH:  0    Dex: 22    Spells: 13/13 levels left

rFire    . . .     SeeInvis .   a - +4 glaive "Azisat" {freeze, rPois}
rCold    + . .     Gourm    .   (shield currently unavailable)
rNeg     . . .     Faith    +   R - +2 leather armour of Elitism {rElec rC+ Int+2}
rPois    +         Spirit   .   (no helmet)
rElec    +         Reflect  .   q - +2 cloak
rCorr    .         Harm     .   S - +2 pair of gloves
MR       ++...                  X - +0 pair of boots {Fly}
Stlth    ++........             A - amulet of faith
HPRegen  0.27/turn              g - +4 ring of dexterity
MPRegen  0.17/turn              j - ring of protection from magic

@: about to teleport, flying, slowed, very slow
A: agile 1, blink, no potion heal 1, subdued magic 1
a: Blink, Heroism, Finesse, Renounce Religion, Stop Flying


You were on level 4 of the Lair of Beasts.
You worshipped Okawaru.
Okawaru was exalted by your worship.
You were not hungry.

You visited 2 branches of the dungeon, and saw 15 of its levels.
You also visited: Ossuary.

You collected 805 gold pieces.
You spent 63 gold pieces at shops.

Inventory:

Hand Weapons
 a - the +4 glaive "Azisat" (weapon) {freeze, rPois}
   (Okawaru gifted it to you on level 3 of the Lair of Beasts)

   It has been specially enchanted to freeze those struck by it, causing extra
   injury to most foes and up to half again as much damage against particularly
   susceptible opponents.
   It can also slow down cold-blooded creatures.
   It protects you from poison.
 b - a +0 arbalest of velocity
 i - a +0 dagger of holy wrath
 p - a +5 trident of flaming
 T - a +1 hand crossbow
Missiles
 d - 261 bolts
Armour
 q - a +2 cloak (worn)
 R - the +2 leather armour of Elitism (worn) {rElec rC+ Int+2}
   (You found it on level 10 of the Dungeon)

   It affects your intelligence (+2).
   It protects you from cold.
   It insulates you from electricity.
 S - a +2 pair of gloves (worn)
 X - a +0 pair of boots of flying (worn)
Jewellery
 e - a +5 ring of intelligence
 g - a +4 ring of dexterity (left hand)
 j - a ring of protection from magic (right hand)
 A - an amulet of faith (around neck)
 K - an uncursed ring of protection from cold
 L - an uncursed ring of stealth
 Z - an uncursed ring of stealth
Wands
 l - a wand of acid (14/15)
 s - a wand of random effects (33/48)
 u - a wand of polymorph (19/24)
 w - a wand of polymorph (0/24)
 y - a wand of random effects (0/48)
 z - a wand of paralysis (16/24)
 C - a wand of confusion (21/48)
 O - a wand of confusion (22/48)
 Y - a wand of scattershot (3/9)
Scrolls
 h - 9 scrolls of remove curse
 v - a scroll of magic mapping
 B - 2 scrolls of blinking
 G - 4 scrolls of fog
 P - 2 scrolls of teleportation
 Q - 4 scrolls of identify
 U - a scroll of brand weapon
Potions
 c - a potion of mutation
 k - 2 potions of magic
 m - 2 potions of invisibility
 n - 3 potions of might
 r - a potion of heal wounds
 D - 7 potions of curing
 E - 2 potions of haste
 F - 4 potions of lignification
 H - 2 potions of brilliance
 I - a potion of ambrosia
 J - 4 potions of agility
 N - a potion of flight
Books
 W - a book of Clouds

   Spells                             Type                      Level
   a - Poisonous Vapours              Poison/Air                   2
   b - Mephitic Cloud                 Conjuration/Poison/Air       3
   c - Conjure Flame                  Conjuration/Fire             3
   d - Freezing Cloud                 Conjuration/Ice/Air          6
   e - Ring of Flames                 Charms/Fire                  7
Miscellaneous
 t - a lamp of fire (inert)
Comestibles
 f - 10 bread rations
 o - 6 meat rations
 x - 11 fruits
 M - a royal jelly
 V - 2 chunks of flesh


   Skills:
 - Level 7.2 Fighting
 + Level 14.4 Polearms
 + Level 11.9 Crossbows
 - Level 2.0 Dodging
 - Level 1.0 Stealth
 - Level 10.2 Invocations
 + Level 7.8 Evocations


You had 13 spell levels left.
You didn't know any spells.

Dungeon Overview and Level Annotations

Branches:
Dungeon (11/15)            Temple (0/1) D:7            Lair (4/6) D:11
  Swamp (0/4) Lair:3        Snake (0/4) Lair:2          Orc (0/2) D:11

Altars:
Cheibriados
Dithmenos
Gozag
Okawaru
Qazlal
Trog
Vehumet
Wu Jian
Yredelemnul
Zin

Shops:
D:3 *   D:5 (   D:11 (*

Portals:
Trove: D:11 (give +5 demon whip)

Annotations:
D:8 1 exclusion
Lair:2 exclusion: 2 oklob plants


Innate Abilities, Weirdness & Mutations

You are agile. (Dex +2)
You can translocate small distances at will.
Potions are less effective at restoring your health.
Your spells are a little easier to cast, but a little less powerful.


Message History

* * * LOW HITPOINT WARNING * * *
The freezing wraith freezes you. You resist.
* * * LOW HITPOINT WARNING * * *
The freezing wraith closely misses you. The freezing wraith barely misses you.
The freezing wraith hits you!
* * * LOW HITPOINT WARNING * * *
The freezing wraith drains your vigour!
You feel as though you will be slow longer.
You barely miss the freezing wraith.
The freezing wraith is lightly damaged.
The freezing wraith barely misses you.
The freezing wraith hits you but does no damage.
You blink.
You feel slightly more hungry.
A meliai comes into view. It is wielding a war axe.
Some of the chunks of flesh in your inventory have rotted away.
As you read the scroll of teleportation, it crumbles to dust.
You feel strangely unstable.
The meliai buzzes angrily.
The meliai hits you with a war axe!
You die...

......P....#.....~~0~~~$
..#.#............~~.~~~~~
#.#...P....#.....~.~~~~~~~
#.P........P...~~...~~~~~~~
#..............~~~.~~~~~~~~
....#..........~~~~.~~~~..~
#...#........).(~~~~.......
...............}y~~........
........P#...#..p....P.....
#..........(.#W.(....#.#...
#..............(.#...P.P...
#.......#.0..#.#...........
#.#.....P........#.P.P.....
#......P..P....#.....#.#.....
..#.#......P.#[P.......#......
........#[.PP#...#............
....#....#...#...<...........Y


You could see a freezing wraith and a meliai.

Vanquished Creatures
  Kirke (Lair:4)
  4 hydras
  2 centaur warriors (D:11)
  A death yak (D:10)
  2 oklob plants (D:11)
  15 elephants
  2 black mambas
  5 spiny frogs
  2 komodo dragons
  A rime drake (Lair:4)
  5 polar bears
  A troll (D:10)
  A meliai (Lair:4)
  3 blink frogs (Lair:4)
  5 dream sheep
  A hornet (D:9)
  Prince Ribbit (D:4)
  8 hippogriffs
  Sigmund (D:3)
  A wraith (Ossuary)
  A hog (Lair:4)
  18 yaks
  A basilisk (Lair:3)
  4 wyverns
  A steam dragon (D:10)
  4 vampire mosquitoes (Lair:3)
  8 water moccasins
  16 porcupines
  Duvessa (D:5)
  6 orc warriors
  A sky beast (D:8)
  9 ice beasts
  2 swamp drakes (D:9)
  A necrophage (D:11)
  6 wolves
  2 ogres
  A tengu (D:9)
  14 centaurs
  6 crocodiles
  15 bullfrogs
  A gnoll sergeant (D:7)
  2 scorpions
  Dowan (D:5)
  14 killer bees
  19 wights
  An electric eel (Lair:3)
  A bullfrog zombie (D:9)
  2 howler monkeys
  A crimson imp (D:5)
  3 hounds
  4 orc wizards
  2 centaur skeletons
  A gnoll shaman (D:5)
  4 jellies
  7 orc priests
  3 iguanas
  9 worker ants
  3 mummies (Ossuary)
  26 gnolls
  A howler monkey skeleton (D:5)
  11 adders
  A river rat (D:9)
  2 shadow imps
  5 white imps
  An ufetubus (D:10)
  3 oozes
  2 adder zombies
  2 adder skeletons
  2 worms
  2 dart slugs
  8 leopard geckos
  40 orcs
  4 giant cockroaches
  13 goblins
  9 hobgoblins
  19 jackals
  11 kobolds
  3 quokkas
  7 bats
  4 frilled lizards
  5 goblin zombies (Ossuary)
  A kobold zombie (Ossuary)
  An orc zombie (Ossuary)
  A quokka skeleton (D:8)
  A quokka zombie (D:5)
  10 rats
  A bush (Lair:2)
  A butterfly (Lair:2)
  2 plants (D:11)
456 creatures vanquished.

Vanquished Creatures (others)
  A big kobold (D:10)
  A kobold (D:10)
  18 fungi
  17 plants
37 creatures vanquished.

Grand Total: 493 creatures vanquished

Notes
Turn   | Place    | Note
-------+----------+-------------------------------------------
     0 | D:1      | Mandevil the Human Hunter began the quest for the Orb.
     0 | D:1      | Reached XP level 1. HP: 16/16 MP: 1/1
    58 | D:1      | Reached XP level 2. HP: 19/22 MP: 2/2
   510 | D:1      | Reached XP level 3. HP: 28/28 MP: 3/3
  1463 | D:2      | Reached XP level 4. HP: 35/35 MP: 4/4
  2036 | D:1      | Reached skill level 5 in Crossbows
  2036 | D:1      | Reached XP level 5. HP: 14/41 MP: 5/5
  2816 | D:2      | Found an iron altar of Okawaru.
  2822 | D:2      | Became a worshipper of Warmaster Okawaru
  3076 | D:2      | Reached skill level 1 in Invocations
  3135 | D:3      | Reached XP level 6. HP: 47/48 MP: 6/6
  3897 | D:3      | Found Zin's Purification Station.
  3901 | D:3      | Found a glowing silver altar of Zin.
  3942 | D:3      | Reached skill level 1 in Polearms
  4318 | D:3      | Found a shadowy altar of Dithmenos.
  4325 | D:3      | Reached XP level 7. HP: 54/54 MP: 8/8
  4326 | D:3      | Noticed Sigmund
  4374 | D:3      | Killed Sigmund
  4374 | D:3      | Reached * piety under Okawaru
  4374 | D:3      | Reached skill level 2 in Polearms
  5023 | D:4      | Found a radiant altar of Vehumet.
  5023 | D:4      | Found a basalt altar of Yredelemnul.
  5023 | D:4      | Found a bloodstained altar of Trog.
  5272 | D:4      | Reached skill level 3 in Polearms
  5272 | D:4      | Reached XP level 8. HP: 57/60 MP: 10/10
  5383 | D:4      | HP: 4/90 [iguana (6)]
  5879 | D:5      | Entered Level 5 of the Dungeon
  5885 | D:5      | Found Ockithrugiwk's Antique Weapon Boutique.
  5887 | D:5      | Noticed Dowan
  5887 | D:5      | Noticed Prince Ribbit
  5888 | D:5      | Noticed Duvessa
  5916 | D:4      | Killed Prince Ribbit
  5916 | D:4      | Reached ** piety under Okawaru
  6064 | D:5      | Killed Dowan
  6134 | D:5      | Reached skill level 4 in Polearms
  6447 | D:5      | Reached skill level 5 in Invocations
  6478 | D:5      | Killed Duvessa
  6488 | D:5      | Reached XP level 9. HP: 11/65 MP: 10/13
  7220 | D:5      | Found a stormy altar of Qazlal.
  7666 | D:5      | Reached skill level 5 in Polearms
  7857 | D:6      | Identified a scroll of acquirement
  8042 | D:6      | Found an opulent altar of Gozag.
  8421 | D:7      | Reached *** piety under Okawaru
  8587 | D:7      | Found a sand-covered staircase.
  8696 | Ossuary  | Entered an ossuary
  9239 | Ossuary  | Gained mutation: You can translocate small distances at will. [potion of mutation]
  9239 | Ossuary  | Gained mutation: Your spells are a little easier to cast, but a little less powerful. [potion of mutation]
  9239 | Ossuary  | Gained mutation: Potions are less effective at restoring your health. [potion of mutation]
  9239 | Ossuary  | Gained mutation: You are agile. (Dex +2) [potion of mutation]
  9363 | D:7      | Reached skill level 6 in Polearms
  9728 | D:7      | Received a gift from Okawaru
  9793 | D:7      | Found a staircase to the Ecumenical Temple.
  9923 | D:7      | Reached **** piety under Okawaru
  9930 | D:7      | Got a wavering silver amulet
 10155 | D:7      | Reached XP level 10. HP: 72/72 MP: 15/15
 10181 | D:7      | Reached skill level 7 in Polearms
 10592 | D:8      | Identified the amulet "Miumoil" {Faith Stlth+} (You found it on level 7 of the Dungeon)
 10826 | D:8      | Reached skill level 8 in Polearms
 10837 | D:8      | Reached ***** piety under Okawaru
 10966 | D:8      | Found a snail-covered altar of Cheibriados.
 10972 | D:8      | Received a gift from Okawaru
 10976 | D:8      | Found an ornate altar of the Wu Jian Council.
 11273 | D:9      | Paralysed by a hornet for 3 turns
 12196 | D:9      | Received a gift from Okawaru
 12312 | D:10     | Entered Level 10 of the Dungeon
 12375 | D:10     | Reached skill level 9 in Polearms
 12488 | D:10     | Reached XP level 11. HP: 54/77 MP: 17/17
 12503 | D:10     | Received a gift from Okawaru
 12658 | D:10     | Reached skill level 10 in Crossbows
 12704 | D:10     | Noticed a death yak
 13025 | D:10     | Reached skill level 10 in Polearms
 13080 | D:10     | Got a transparent leather armour
 13091 | D:10     | Identified the +2 leather armour of Elitism {rElec rC+ Int+2} (You found it on level 10 of the Dungeon)
 13101 | D:10     | Received a gift from Okawaru
 13380 | D:10     | Killed a death yak
 13918 | D:10     | Received a gift from Okawaru
 14354 | D:11     | Found Issiad's Assorted Antiques.
 14354 | D:11     | Found a staircase to the Orcish Mines.
 14354 | D:11     | Found Fautyguh's Weapon Shoppe.
 14354 | D:11     | Noticed a centaur warrior
 14804 | D:10     | Reached skill level 11 in Polearms
 15084 | D:11     | Noticed a centaur warrior
 15100 | D:11     | Killed a centaur warrior
 15100 | D:11     | Reached skill level 10 in Invocations
 15115 | D:11     | Reached XP level 12. HP: 22/83 MP: 19/19
 15528 | D:11     | Killed a centaur warrior
 15886 | D:11     | Noticed a six-headed hydra
 15897 | D:11     | Killed a six-headed hydra
 15897 | D:11     | Reached skill level 1 in Evocations
 16516 | D:11     | Found a portal to a secret trove of treasure.
 16918 | D:11     | Found a staircase to the Lair.
 16935 | D:11     | Reached skill level 5 in Fighting
 16935 | D:11     | Reached skill level 12 in Polearms
 17137 | D:11     | Received a gift from Okawaru
 17331 | Lair:1   | Entered Level 1 of the Lair of Beasts
 17479 | Lair:1   | Noticed a six-headed hydra
 17491 | Lair:1   | Killed a six-headed hydra
 17529 | Lair:1   | Noticed a seven-headed hydra
 17557 | Lair:1   | Killed a seven-headed hydra
 17880 | Lair:1   | Noticed a five-headed hydra
 17895 | Lair:1   | Killed a five-headed hydra
 18885 | Lair:1   | Received a gift from Okawaru
 18885 | Lair:1   | Reached XP level 13. HP: 86/94 MP: 20/20
 19603 | Lair:2   | Reached skill level 13 in Polearms
 19783 | D:11     | Bought a +0 arbalest for 63 gold pieces
 20510 | Lair:2   | Found a staircase to the Snake Pit.
 20941 | Lair:3   | Reached skill level 5 in Evocations
 20959 | Lair:3   | Reached ****** piety under Okawaru
 21245 | Lair:3   | Received a gift from Okawaru
 21624 | Lair:3   | Received a gift from Okawaru
 21625 | Lair:3   | Got a brightly glowing glaive {god gift}
 21626 | Lair:3   | Identified the +4 glaive "Azisat" {freeze, rPois} (Okawaru gifted it to you on level 3 of the Lair of Beasts)
 21811 | Lair:3   | Found a staircase to the Swamp.
 22720 | Lair:4   | Received a gift from Okawaru
 22720 | Lair:4   | Reached skill level 14 in Polearms
 23130 | Lair:2   | Received a gift from Okawaru
 23608 | Lair:4   | Received a gift from Okawaru
 23822 | Lair:4   | Noticed Kirke
 24191 | Lair:4   | Reached XP level 14. HP: 103/103 MP: 18/21
 24201 | Lair:4   | Killed Kirke
 24517 | Lair:4   | Slain by a meliai

Vault maps used:
D:1:      erik_arrival_gehennom, hex_tiny, minmay_hedge_maze, st_stairs_4
D:2:      old_standard_altar
D:3:      corexii_shack_village, zin_purify, roderic_serpentine_path,
          nicolae_dithmenos_through_a_glass_darkly, uniq_sigmund
D:4:      gammafunk_temple_overflow_forgotten, first_bread, st_stairs_5
D:5:      kennysheep_mini_moat, serial_shops, nicolae_shop_waterfront,
          nrook_pool_corridor, st_stairs_8, uniq_duvessa, uniq_prince_ribbit1
D:6:      nicolae_overflow_crystal_walls
D:7:      minmay_temple_entry_nine_rooms, lightli_ossuary_entry_decrepit_ruins
D:8:      grunt_temple_overflow_open, hangedman_pestilent_swarm
D:10:     serial_ice, serial_ice_a, serial_ice_l, serial_ice_h, serial_ice_o,
          serial_ice_d, serial_ice_e
D:11:     dpeg_oklobed_lair, orc_david_3, enter_trove_2, serial_shops,
          nicolae_shop_overgrown_old_shop, minivault_25_ag
Lair:1:   grunt_megastairs_2
Lair:2:   minmay_lair_oklob_chamber, serial_bayou_shore_a, lemuel_fruit_fields,
          grunt_megastairs_3
Lair:3:   minmay_swamp_entry_swarm, hangedman_lair_generics_rect
Lair:4:   special_room, ice2_lemuel, uniq_kirke
Ossuary:  ossuary_kennysheep_city_of_the_dead

Skill      XL: |  1  2  3  4  5  6  7  8  9 10 11 12 13 |
---------------+----------------------------------------+-----
Fighting       | 3 4 6 7 |  7.2
Crossbows      | 5 6 7 8 9 10 11 | 11.9
Invocations    | 1 2 3 5 7 8 10 | 10.2
Polearms       | 1 3 4 6 9 11 12 14 | 14.4
Evocations     | 4 7 |  7.8
Dodging        | |  2.0
Stealth        | |  1.0

Action                   |  1- 3 |  4- 6 |  7- 9 | 10-12 | 13-15 || total
-------------------------+-------+-------+-------+-------+-------++-------
Melee: Short sword       |   135 |   174 |       |       |       ||   309
       Trident           |       |    58 |   344 |   633 |   166 ||  1201
       Punch             |       |       |       |     1 |       ||     1
       Glaive            |       |       |       |       |   174 ||   174
 Fire: Hand crossbow     |    11 |    36 |    40 |   226 |    21 ||   334
       Arbalest          |       |       |       |       |   120 ||   120
Invok: Heroism           |       |       |     4 |     7 |     2 ||    13
       Finesse           |       |       |       |     5 |     1 ||     6
 Abil: Blink             |       |       |       |     4 |     1 ||     5
Evoke: Wand              |       |       |       |    24 |     1 ||    25
       Lamp of fire      |       |       |       |       |     1 ||     1
  Use: Scroll            |     1 |     9 |    14 |    10 |     7 ||    41
       Potion            |     1 |       |     8 |     6 |     2 ||    17
 Stab: Sleeping          |     2 |     3 |     2 |     1 |     4 ||    12
       Distracted        |       |       |     1 |     1 |       ||     2
       Invisible         |       |       |       |     1 |       ||     1
  Eat: Chunk             |     1 |    10 |    13 |    28 |    14 ||    66
       Bread ration      |       |       |     1 |       |       ||     1
       Fruit             |       |       |     2 |       |     4 ||     6
Armor: Leather armour    |    38 |     2 |       |    73 |   101 ||   214
       Ring mail         |       |    71 |    85 |    68 |       ||   224
       Skin              |       |       |    34 |    89 |       ||   123
Dodge: Dodged            |   101 |   153 |   143 |   242 |   163 ||   802
Block: Buckler           |       |       |       |    71 |     1 ||    72

Table legend:
 A = Spawn XP
 B = Non-spawn XP
 C = Spawn XP percentage of total XP
 D = Spawn monster count
 E = Non-spawn monster count
 F = Spawn count percentage of total count
 G = Total turns spent on level
                    A         B        C        D         E        F      G
               +---------+---------+-------+---------+---------+-------+---------
         Total |       0 |   49722 |   0.0 |       0 |     450 |   0.0 | 24517
               +---------+---------+-------+---------+---------+-------+---------
           D:1 |       0 |      96 |   0.0 |       0 |      35 |   0.0 |  2033
           D:2 |       0 |     183 |   0.0 |       0 |      30 |   0.0 |  1326
           D:3 |       0 |     491 |   0.0 |       0 |      38 |   0.0 |  1359
           D:4 |       0 |     621 |   0.0 |       0 |      19 |   0.0 |  1281
           D:5 |       0 |     887 |   0.0 |       0 |      31 |   0.0 |  1732
           D:6 |       0 |     201 |   0.0 |       0 |      12 |   0.0 |   659
           D:7 |       0 |    1538 |   0.0 |       0 |      24 |   0.0 |  1430
           D:8 |       0 |    1575 |   0.0 |       0 |      26 |   0.0 |   855
           D:9 |       0 |    1115 |   0.0 |       0 |      12 |   0.0 |  1071
          D:10 |       0 |    6515 |   0.0 |       0 |      60 |   0.0 |  2878
          D:11 |       0 |    6840 |   0.0 |       0 |      43 |   0.0 |  2196
        Lair:1 |       0 |    6450 |   0.0 |       0 |      18 |   0.0 |  1847
        Lair:2 |       0 |    4452 |   0.0 |       0 |      17 |   0.0 |  1988
        Lair:3 |       0 |    7490 |   0.0 |       0 |      35 |   0.0 |  1852
        Lair:4 |       0 |   10992 |   0.0 |       0 |      41 |   0.0 |  1441
       Ossuary |       0 |     276 |   0.0 |       0 |       9 |   0.0 |   569
               +---------+---------+-------+---------+---------+-------+---------
